 Dungeon Crawl Stone Soup version 0.14-a0-155-gd989017 (webtiles) character file.

545 PolkaDot the Stinger (level 6, -7/32 HPs)
             Began as a Deep Elf Venom Mage on Oct 4, 2013.
             Killed by divine providence
             ... invoked by an orc priest
              (13 damage)
             ... on Level 6 of the Dungeon.
             The game lasted 00:17:20 (3429 turns).

PolkaDot the Stinger (Deep Elf Venom Mage)          Turns: 3429, Time: 00:17:20

HP  -7/32        AC  8     Str  7      XL: 6   Next: 62%
MP   2/17        EV 13     Int 20      God:
Gold 125         SH  0     Dex 15      Spells:  3 memorised,  4 levels left

Res.Fire  : . . .   See Invis. : .   h - +2,+0 dwarf mace (protect)
Res.Cold  : . . .   Warding    : .   a - +0 elf robe
Life Prot.: . . .   Conserve   : .   (no shield)
Res.Poison: .       Res.Corr.  : .   (no helmet)
Res.Elec. : .       Clarity    : .   t - +0 cloak
Sust.Abil.: . .     Spirit.Shd : .   (no gloves)
Res.Mut.  : .       Stasis     : .   (no boots)
Res.Rott. : .       Flight     : .   (no amulet)
Saprovore : . . .                    (no ring)
                                     (no ring)

@: very slightly contaminated, slightly resistant to hostile enchantments,
fairly stealthy
A: no striking features
a: no special abilities


You were on level 6 of the Dungeon.
You were not hungry.

You visited 1 branch of the dungeon, and saw 6 of its levels.

You collected 105 gold pieces.

Inventory:

Hand weapons
 h - a +2,+0 dwarven mace of protection (weapon)
Armour
 a - a +0 elven robe (worn)
 t - a +0 cloak (worn)
Comestibles
 c - 4 bread rations
 k - 3 meat rations
 p - a choko
 u - 2 apples
 v - a pear
 w - 3 chunks of hobgoblin flesh
 C - 3 chunks of orc flesh
 D - 2 chunks of hound flesh
 E - 4 chunks of orc flesh
 F - 3 chunks of orc flesh
Scrolls
 d - a scroll of enchant armour {unknown}
 f - a scroll of blinking {unknown}
 g - a scroll of noise {unknown}
 i - 2 scrolls of fear {unknown}
 j - 3 scrolls of identify
 l - 3 scrolls of enchant weapon I {unknown}
 m - a scroll of curse weapon {unknown}
 n - 5 scrolls of teleportation {unknown}
 q - 3 scrolls of remove curse
 r - a scroll of enchant weapon II {unknown}
 s - 2 scrolls of curse armour {unknown}
 y - a scroll of fog {unknown}
 A - a scroll of random uselessness {unknown}
 B - a scroll of recharging {unknown}
Potions
 o - 2 potions of cure mutation
 x - 2 potions of brilliance
 z - a potion of curing
Books
 b - a Young Poisoner's Handbook

   Spells                             Type                      Level
   *Sting                             Conjuration/Poison           1
   *Cure Poison                       Poison                       2
   *Mephitic Cloud                    Conjuration/Poison/Air       3
   Olgreb's Toxic Radiance            Poison                       4
   Venom Bolt                         Conjuration/Poison           5


   Skills:
 - Level 2.4 Dodging
 - Level 2.4 Stealth
 - Level 2.5 Spellcasting
 * Level 4.4 Conjurations
 + Level 2.4 Air Magic
 * Level 6.5 Poison Magic


You had 4 spell levels left.
You knew the following spells:

 Your Spells              Type           Power        Failure   Level  Hunger
a - Sting                 Conj/Pois      ###.         1%          1    None
q - Cure Poison           Pois           ####......   1%          2    ##.....
s - Mephitic Cloud        Conj/Pois/Air  ###.....     10%         3    ###....


Dungeon Overview and Level Annotations

Branches:
Dungeon (6/27)
 Temple: D:4-7          Orc: D:6-11

Altars:
Cheibriados
Trog
Xom
Zin

Shops:
D:5 %

Annotations:
D:5 Menkaure


Message History

Casting: Sting
Confirm with . or Enter, or press ? or * to list all spells.
Aiming: Sting
Press: ? - help, Shift-Dir - straight line, f/p - orc priest
Aim: an orc priest wearing an orcish chain mail (poisoned)
The sting hits the orc priest.
The orc priest looks even sicker.
The orc priest is moderately wounded.
A hound and a sky beast come into view.
The orc priest glows brightly for a moment.
Found 4 darts of frost.
The sky beast flickers out of sight!
Deactivating autopickup; reactivate with Ctrl-A.
The orc priest becomes somewhat translucent.
The orc priest invokes the aid of Beogh against you.
Something smites you!
* * * LOW HITPOINT WARNING * * *
The orc priest glows brightly for a moment.
The orc priest mumbles some strange prayers to Beogh against you.
Something smites you!
You die...

(.###..o..#######
#.....# #.....#
##.#+## #o# #.#
#o# #.# #@# #.#
#.. ####


You could see an orc warrior, an orc priest and an orc.

Vanquished Creatures
  2 orc priests (D:4)
  3 orc wizards
  A worker ant (D:5)
  A hound (D:5)
  5 adders
  8 gnolls
  A giant mite (D:3)
  A giant eyeball (D:5)
  3 giant geckos
  An ooze (D:1)
  13 orcs
  4 giant cockroaches
  6 hobgoblins
  6 kobolds
  13 bats
  12 goblins
  7 jackals
  4 rats
  A rat zombie (D:5)
92 creatures vanquished.

Notes
Turn   | Place    | Note
--------------------------------------------------------------
     0 | D:1      | PolkaDot, the Deep Elf Venom Mage, began the quest for the Orb.
     0 | D:1      | Reached XP level 1. HP: 10/10 MP: 4/4
   257 | D:1      | Reached skill level 1 in Conjurations
   358 | D:1      | Reached XP level 2. HP: 6/15 MP: 0/7
   730 | D:1      | Learned a level 2 spell: Cure Poison
   840 | D:2      | Reached XP level 3. HP: 19/19 MP: 6/9
   858 | D:2      | Reached skill level 5 in Poison Magic
   957 | D:2      | Found a shimmering altar of Xom.
   957 | D:2      | Noticed an angel
   958 | D:2      | Found a glowing silver altar of Zin.
  1016 | D:2      | Learned a level 3 spell: Mephitic Cloud
  1354 | D:2      | Reached XP level 4. HP: 24/24 MP: 5/12
  1620 | D:3      | Reached skill level 1 in Air Magic
  2035 | D:4      | Reached XP level 5. HP: 23/28 MP: 5/15
  2413 | D:4      | Found a snail-covered altar of Cheibriados.
  2555 | D:4      | Found a bloodstained altar of Trog.
  2565 | D:4      | Reached skill level 6 in Poison Magic
  2708 | D:4      | Reached XP level 6. HP: 32/32 MP: 13/17
  3086 | D:5      | Entered Level 5 of the Dungeon
  3310 | D:5      | Found Feneogat's Food Shoppe.
  3345 | D:5      | Paralysed by a giant eyeball for 2 turns
  3409 | D:5      | Noticed Menkaure
  3429 | D:6      | Killed from afar by an orc priest

Action                   |  1- 3 |  4- 6 || total
-------------------------+-------+-------++-------
Melee: Dagger            |    36 |    12 ||    48
       Mace              |       |    30 ||    30
 Cast: Sting             |    64 |   140 ||   204
       Mephitic Cloud    |       |     4 ||     4
  Use: Scroll            |     4 |     2 ||     6
       Potion            |     3 |     4 ||     7
 Stab: Sleeping          |     3 |     2 ||     5
       Confused          |       |     1 ||     1
